 Dungeon Crawl Stone Soup version 0.29-a0-323-g050149af67 (webtiles) character file.

Game seed: 406445500802582894

210 Jortsu the Covered (level 5, -2/33 HPs)
             Began as a Tengu Fighter on Apr 10, 2022.
             Slain by a hound (3 damage)
             ... on level 7 of the Dungeon.
             The game lasted 00:02:38 (2255 turns).

Jortsu the Covered (Tengu Fighter)                  Turns: 2255, Time: 00:02:38

Health: -2/33      AC:  9    Str: 18    XL:     5   Next: 87%
Magic:  6/6        EV:  8    Int:  9    God:
Gold:   77         SH:  5    Dex: 13    Spells: 4/4 levels left

rFire   . . .      SeeInvis .   a - +0 war axe
rCold   . . .      Faith    .   c - +0 buckler
rNeg    + . .      Spirit   .   m - +0 chain mail
rPois   .          Reflect  .   (helmet restricted)
rElec   .          Harm     .   (no cloak)
rCorr   .          Rampage  .   (no gloves)
Will    .....                   (boots unavailable)
Stlth   ..........              (no amulet)
HPRegen 0.11/turn               l - ring of positive energy
MPRegen 0.10/turn               (no ring)

@: flying quickly and evasively, quick
A: beak, talons 3, nimble flight
a: no special abilities


You were on level 7 of the Dungeon.
You visited 1 branch of the dungeon, and saw 6 of its levels.

You collected 77 gold pieces.

Inventory:

Hand Weapons
 a - a +0 war axe (weapon)
Armour
 c - a +0 buckler (worn)
 m - a +0 chain mail (worn)
Jewellery
 l - a ring of positive energy (left hand)
Scrolls
 g - a scroll of enchant armour {unknown}
Potions
 d - a potion of might
 e - 2 potions of flight {unknown}
 f - a potion of magic {unknown}
 h - 5 potions of curing {unknown}
 i - a potion of lignification {unknown}
 j - a potion of resistance {unknown}
 k - a potion of attraction {unknown}


   Skills:
 + Level 3.6 Fighting
 + Level 4.2 Axes
 + Level 4.3 Armour
 + Level 1.1 Dodging
 + Level 0.1 Stealth
 + Level 3.9 Shields


You had 4 spell levels left.
You didn't know any spells.
Your spell library contained the following spells:

 Spells                   Type           Power      Damage    Failure   Level
 Magic Dart               Conj           0%         1d3       100%        1
 Call Imp                 Summ           0%         N/A       100%        2
 Confusing Touch          Hex            0%         N/A       100%        3
 Mephitic Cloud           Conj/Pois/Air  0%         N/A       100%        3
 Yara's Violent Unravell  Hex/Tmut       0%         3d3       100%        5
 Enfeeble                 Hex            0%         N/A       100%        7


Dungeon Overview and Level Annotations

Branches:
Dungeon (7/15)
 Temple: D:4-7

Altars:

Shops:
D:2 [

Annotations:
D:3 3 runed translucent doors, ouz's ghost, amateur OpTm


Innate Abilities, Weirdness & Mutations

You have a beak for a mouth.
You have claws for feet.
Your magical nature lets you fly swiftly and evasively.


Message History

You continue taking off your +0 scale mail. x4
You finish taking off your +0 scale mail.
You start putting on your armour.
You continue putting on your +0 chain mail. x5
You finish putting on your +0 chain mail.
You drop a +0 scale mail.
l - a ring of positive energy (left hand)
There is a stone staircase leading up here.
You fly upwards.
The hound barely misses you. The gnoll closely misses you.
You block the ogre's attack.
A gnoll comes into view. It is wielding a +0 halberd.
The hound closely misses you.
There is a stone staircase leading down here.
The hound bites you but does no damage. The white imp gestures at you.
The puff of frost hits you. The gnoll hits you with a +0 whip.
The gnoll sergeant barely misses you.
The ogre hits you with a +0 giant club!!
Ouch! That really hurt!
* * * LOW HITPOINT WARNING * * *
You fly downwards.
There is a stone staircase leading up here.
You slash the gnoll!
You kill the gnoll!
You miss the hound. The hound barely misses you.
The hound bites you but does no damage.
You slash the white imp!
You kill the white imp!
You closely miss the hound. The hound bites you but does no damage.
You block the hound's attack. The hound bites you.
* * * LOW HITPOINT WARNING * * *
Things that are here:
a +0 whip; a gnoll corpse The hound attacks as you move away!
The hound bites you but does no damage. The hound attacks as you move away!
The hound bites you.
* * * LOW HITPOINT WARNING * * *
The hound bites you but does no damage.
You closely miss the hound. Your kick misses the hound. The hound bites you.
You die...

#.......#
#.#####.# #.#
#.# #.### #.#
#<#.. #.#
#O#.# #.######
#.#.# #......#
#h#.#.########
#@#.#.####
#####.#.......
#...[...#.###
#.............
#.......#.###.
#...).......
#.......#.#.#
#.......#.# #
#.......# #


You could see an ogre and a hound.

Vanquished Creatures
  An ice beast (D:7)
  A hound (D:7)
  4 gnolls
  An adder (D:2)
  A white imp (D:7)
  A worm (D:2)
  3 dart slugs
  2 endoplasms (D:1)
  A goblin (D:1)
  4 hobgoblins
  3 quokkas
  A ball python (D:1)
  2 bats (D:1)
  A frilled lizard (D:2)
  8 kobolds
  2 rats
36 creatures vanquished.

Vanquished Creatures (others)
  2 fungi (D:3)
  A plant (D:3)
3 creatures vanquished.

Grand Total: 39 creatures vanquished

Notes
Turn   | Place    | Note
-------+----------+-------------------------------------------
     0 | D:1      | Jortsu the Tengu Fighter began the quest for the Orb.
     0 | D:1      | Reached XP level 1. HP: 14/14 MP: 2/2
   118 | D:1      | Reached XP level 2. HP: 19/19 MP: 3/3
   860 | D:1      | Reached XP level 3. HP: 23/23 MP: 4/4
  1145 | D:2      | Reached XP level 4. HP: 11/28 MP: 5/5
  1372 | D:2      | Found Aboa's Antique Armour Boutique.
  1752 | D:3      | Found a runed translucent gate.
  1755 | D:3      | Found a runed translucent gate.
  1755 | D:3      | Found a runed translucent gate.
  1762 | D:3      | Noticed ouz's ghost (amateur OpTm)
  1765 | D:3      | Noticed a kobold brigand
  1882 | D:3      | You fall into a shaft and drop 2 floors!
  1882 | D:5      | Entered Level 5 of the Dungeon
  1896 | D:5      | Noticed a phantom
  1910 | D:6      | Noticed a gnoll sergeant
  1910 | D:6      | Noticed an ogre
  1923 | D:7      | Noticed an ice beast
  1952 | D:7      | Killed an ice beast
  1953 | D:7      | Reached skill level 1 in Dodging
  1953 | D:7      | Gained mutation: Your magical nature lets you fly swiftly
                  | and evasively. [Tengu growth]
  1953 | D:7      | Reached XP level 5. HP: 6/33 MP: 6/6
  2254 | D:7      | HP: 1/33 [hound (1)]
  2255 | D:7      | Slain by a hound

Illustrated notes

Levels and vault maps discovered:
D:1:      dpeg_arrival_concentric_ovals, layout_basic
D:2:      layout_loops_ring, serial_forest, infiniplex_forest_end_double,
          infiniplex_forest_straight_1, infiniplex_forest_lined_4_way,
          infiniplex_forest_straight_3, infiniplex_forest_straight_5,
          infiniplex_forest_clump_small, serial_shops,
          nicolae_shop_hallway_stairs
D:3:      layout_loops_cross, nicolae_ru_great_annihilating_truth,
          gammafunk_ghost_nasty_kobolds
D:5:      layout_basic
D:6:      layout_rooms, minmay_ruffians
D:7:      layout_basic, nicolae_overflow_quartered_altars,
          minmay_temple_entry_hall, chequers_serial_rivers_room_a

Skill      XL: |  1  2  3  4 |
---------------+-------------+-----
Axes           | 4 |  4.2
Armour         | 4 |  4.3
Dodging        | 1 |  1.1
Fighting       | |  3.6
Stealth        | |  0.1
Shields        | |  3.9

Action                   |  1- 3 |  4- 6 || total
-------------------------+-------+-------++-------
Melee: War axe           |    51 |    30 ||    81
       Peck              |     5 |     4 ||     9
       Kick              |     8 |     7 ||    15
  Use: Scroll            |     1 |     2 ||     3
Armor: Scale mail        |    26 |    22 ||    48
       Chain mail        |       |     5 ||     5
Dodge: Dodged            |    22 |    27 ||    49
Block: Buckler           |    17 |    12 ||    29

Table legend: (Time is in decaauts)
 A = Elapsed time spent in this place.
 B = Non-inter-level travel time spent in this place.
 C = Inter-level travel time spent in this place.
 D = Time resting spent in this place.
 E = Time spent auto-exploring this place.
 F = Levels seen in this place.
 G = Mean time per level.
                   A        B        C        D        E       F      G
               +--------+--------+--------+--------+--------+-----+--------+
         Total |   2282 |   2234 |     48 |    474 |   1383 |   6 |  380.3 |
       Dungeon |   2282 |   2234 |     48 |    474 |   1383 |   6 |  380.3 |
               +--------+--------+--------+--------+--------+-----+--------+

Top non-repeatable levels by time:
     D:1: 930 daAuts
     D:2: 824 daAuts
     D:7: 330 daAuts
     D:3: 154 daAuts
     D:5: 27 daAuts
     D:6: 15 daAuts
